 Dungeon Crawl Stone Soup version 0.31-a0-986-g5e6e4ef867 (webtiles) character file.

Game seed: 8527811774723098014

18 wildpjah the Vexing (level 2, 0/20 HPs)
             Began as a Draconian Enchanter on Nov 18, 2023.
             Succumbed to an adder's poison
             ... on level 1 of the Dungeon.
             The game lasted 00:02:46 (1071 turns).

wildpjah the Vexing (Draconian Enchanter)           Turns: 1071, Time: 00:02:46

Health: 0/20       AC:  4    Str: 16    XL:     2   Next: 48%
Magic:  0/5        EV: 12    Int: 15    God:
Gold:   12         SH:  0    Dex: 11    Spells: 3/5 levels left

rFire   . . .        c - staff of death
rCold   . . .        (no shield)
rNeg    + + .        (body armour unavailable)
rPois   .            (helmet restricted)
rElec   .            (no cloak)
rCorr   .            (no gloves)
SInv    .            (no boots)
Will    .....        (no amulet)
Stlth   ++           e - ring of positive energy
HPRegen 0.23/turn    j - +6 ring of strength
MPRegen 0.09/turn

%: no passive effects
@: lethally poisoned (0 -> -4)
A: AC +4, unfitting armour, cold-blooded
a: no special abilities


You were on level 1 of the Dungeon.
You visited 1 branch of the dungeon, and saw 2 of its levels.

You collected 12 gold pieces.

Inventory:

Hand Weapons
 a - a +1 dagger
Magical Staves
 c - a staff of death (weapon)
Jewellery
 e - a ring of positive energy (left hand)
 g - a ring of ice
 j - a +6 ring of strength (right hand)
Scrolls
 d - a scroll of teleportation {unknown}
 f - 4 scrolls of identify {unknown}
 h - a scroll of brand weapon {unknown}
Potions
 b - 2 potions of invisibility


   Skills:
 + Level 1.0 Short Blades
 + Level 2.0 Dodging
 + Level 2.8 Stealth
 + Level 2.0 Spellcasting
 + Level 3.2 Hexes
 * Level 0.3 Necromancy
 * Level 0.2 Evocations


You had 3 spell levels left.
You knew the following spells:

 Your Spells              Type           Power      Damage    Failure   Level
a - Ensorcelled Hibernat  Hex/Ice        12%        N/A       17%         2

Your spell library contained the following spells:

 Spells                   Type           Power      Damage    Failure   Level
 Confusing Touch          Hex            11%        N/A       19%         3
 Tukima's Dance           Hex            11%        N/A       19%         3
 Dazzling Flash           Conj/Hex       12%        N/A       34%         3


Dungeon Overview and Level Annotations

Branches:
Dungeon (2/15)

Altars:


Innate Abilities, Weirdness & Mutations

Your plain brown scales are hard. (AC +4)
You cannot fit into any form of body armour.
You are cold-blooded and may be slowed by cold attacks.


Message History

The adder is moderately wounded.
You feel sick. The adder closely misses you.
You miss the adder.
The adder is moderately wounded.
You feel sick. The adder bites you.
* * * LOW HITPOINT WARNING * * *
You are lethally poisoned!
The adder poisons you! The adder barely misses you.
It was a potion of heal wounds.
You feel much better.
You feel sick. The adder barely misses you.
You closely miss the adder.
The adder is moderately wounded.
You feel sick. The adder bites you.
You are more poisoned.
The adder poisons you! The adder closely misses you.
You hit the adder.
The adder is severely wounded.
You feel very sick. The adder bites you.
You don't have enough magic to cast this spell.
You miss the adder.
The adder is severely wounded.
* * * LOW HITPOINT WARNING * * *
You feel very sick. The adder misses you. The adder closely misses you.
You hit the adder.
The adder is severely wounded.
* * * LOW HITPOINT WARNING * * *
You feel sick. The adder barely misses you.
The adder bites you but does no damage.
You closely miss the adder.
Your tail-slap misses the adder.
The adder is severely wounded.
* * * LOW HITPOINT WARNING * * *
You feel sick. The adder bites you.
* * * LOW HITPOINT WARNING * * *
Aiming: Ensorcelled Hibernation (safe; 17% risk of failure)
Press: ? - help, Q - select action Shift-Dir - straight line, f/p - adder
Aim: an adder (severely wounded, chance to affect: 49%)
The adder resists with some effort.
You die...

#...............# #.....
#.####........#.# #.#### #.#
#.######.#.# #.# #. #.####.#
#.#)# #.# #. #....#.######.#.#
#.# #. #....#.##.....#.###### #.#
#.
#####....#..#.###.#.#....###.###.
............#.##S................
.####.####..#.##@...#.##......###
.####.##....#.##.####.##......#
.#....##.#............##......#
.#.##.##.#..#.##.####.##.##...#
.#.##.##.#..#......##....##...###
.#.##....#..#......#####.........
.#.##.####..#......# #.##...###
.#.##.####....)...## #.##...#
.#.##.......#.##..# #.##..##


You could see an adder.

Vanquished Creatures
  2 endoplasms (D:1)
  2 giant cockroaches (D:1)
  3 goblins (D:1)
  A hobgoblin (D:1)
  A ball python (D:1)
  3 bats (D:1)
  3 frilled lizards (D:1)
  2 kobolds (D:1)
  A rat (D:1)
18 creatures vanquished.

Notes
Turn   | Place    | Note
-------+----------+-------------------------------------------
     0 | D:1      | wildpjah the Draconian Enchanter began the quest for the
                  | Orb.
     0 | D:1      | Reached XP level 1. HP: 14/14 MP: 3/3
   192 | D:1      | Reached skill level 3 in Hexes
   282 | D:1      | Reached XP level 2. HP: 20/20 MP: 5/5
   285 | D:1      | Learned a level 2 spell: Ensorcelled Hibernation
   995 | D:1      | Found a faded altar of an unknown god.
  1070 | D:1      | HP: 1/20 [adder (3)]
  1071 | D:1      | Succumbed to an adder's poison

Illustrated notes

Levels and vault maps discovered:
D:1:      scummos_arrival_checkerplants, layout_basic,
          chequers_ecumenical_altar_grove, minivault_5
D:2:      layout_loops_ring, serial_shops, nicolae_shop_back_alley_shop,
          nicolae_shop_real_fake_doors, nicolae_shop_vocational

Skill      XL: |  1  2 |
---------------+-------+-----
Hexes          | 3 |  3.2
Dodging        | 2 |  2.0
Short Blades   | |  1.0
Stealth        | |  2.8
Spellcasting   | |  2.0
Necromancy     | |  0.3
Evocations     | |  0.2

Action                     || total
---------------------------++-------
  Melee: Staff             ||    76
         Dagger            ||    10
         Tailslap          ||    10
   Cast: Ensorcelled Hiber ||     3
    Use: Potion            ||     1
   Stab: Sleeping          ||     5
 Armour: Skin              ||    68
  Dodge: Dodged            ||    68

Table legend: (Time is in decaauts)
 A = Elapsed time spent in this place.
 B = Non-inter-level travel time spent in this place.
 C = Inter-level travel time spent in this place.
 D = Time resting spent in this place.
 E = Time spent auto-exploring this place.
 F = Levels seen in this place.
 G = Mean time per level.
                   A        B        C        D        E       F      G
               +--------+--------+--------+--------+--------+-----+--------+
         Total |   1085 |   1077 |      8 |     29 |    819 |   2 |  542.5 |
       Dungeon |   1085 |   1077 |      8 |     29 |    819 |   2 |  542.5 |
               +--------+--------+--------+--------+--------+-----+--------+

Top non-repeatable levels by time:
     D:1: 1082 daAuts
     D:2: 2 daAuts
